 Dungeon Crawl Stone Soup version 0.30-a0-591-g3c58d2bc28 (webtiles) character file.

Game seed: 10748360772785943845

113 Zonian the Magician (level 4, -3/21 HPs)
             Began as a Vine Stalker Wanderer on Jan 5, 2023.
             Slain by a gnoll
             ... wielding a +0 flail
             ... led by a gnoll bouda
              (8 damage)
             ... on level 4 of the Dungeon.
             The game lasted 00:08:11 (4591 turns).

Zonian the Magician (Vine Stalker Wanderer)         Turns: 4591, Time: 00:08:12

Health: -3/21      AC:  4    Str: 13    XL:     4   Next: 96%
Magic:  0/12       EV: 10    Int: 14    God:
Gold:   194        SH:  3    Dex: 15    Spells: 9/13 levels left

rFire   + . .      SeeInvis .    s - +1 dagger (venom)
rCold   x . .      Faith    .    g - +0 buckler
rNeg    . . .      Spirit   +    c - +0 robe
rPois   .          Reflect  .    (no helmet)
rElec   .          Harm     .    q - +0 cloak
rCorr   .          Rampage  .    d - +0 pair of gloves
Will    .....                    (no boots)
Stlth   +++                      j - amulet of the acrobat
HPRegen 1.03/turn                l - ring of fire
MPRegen 0.13/turn                (no ring)

@: weakened
A: fangs 2, regeneration 1, magic shield, antimagic bite, no potion heal 2
a: no special abilities


You were on level 4 of the Dungeon.
You visited 1 branch of the dungeon, and saw 5 of its levels.

You collected 194 gold pieces.

Inventory:

Hand Weapons
 a - a +0 dagger of chaos
 f - a +0 dagger
 h - a +0 sling
 s - a +1 dagger of venom (weapon)
Armour
 c - a +0 robe (worn)
 d - a +0 pair of gloves (worn)
 g - a +0 buckler (worn)
 q - a +0 cloak (worn)
 v - the +3 leather armour "Hero's Friend" {rElec rF- Str+7 Dex-4}
   (You found it on level 4 of the Dungeon)

   Str:       It affects your strength (+7).
   Dex:       It affects your dexterity (-4).
   rF:        It makes you vulnerable to fire.
   rElec:     It insulates you from electricity.
Jewellery
 j - an amulet of the acrobat (around neck)
 l - a ring of fire (left hand)
Scrolls
 b - 2 scrolls of fog
 r - a scroll of torment {unknown}
 x - a scroll of teleportation
 y - a scroll of identify
Potions
 e - a potion of curing {unknown}
 i - a potion of magic {unknown}
 k - a potion of heal wounds
 m - a potion of flight {unknown}
 n - a potion of invisibility {unknown}
 o - 4 potions of lignification
 p - a potion of mutation {unknown}
 t - a potion of resistance {unknown}
 u - a potion of cancellation {unknown}
 w - a potion of attraction {unknown}


   Skills:
 + Level 5.0 Stealth
 + Level 5.1 Spellcasting
 + Level 3.2 Ice Magic


You had 9 spell levels left.
You knew the following spells:

 Your Spells              Type           Power      Damage    Failure   Level
a - Freeze                Ice            48%        1d6       6%          1
b - Frozen Ramparts       Ice            24%        1d4       19%         3

Your spell library contained the following spells:

 Spells                   Type           Power      Damage    Failure   Level
 Ozocubu's Armour         Ice            12%        N/A       19%         3
 Foxfire                  Conj/Fire      20%        2x1d5     24%         1
 Searing Ray              Conj           6%         2d4       34%         2
 Inner Flame              Hex/Fire       5%         N/A       56%         3


Dungeon Overview and Level Annotations

Branches:
Dungeon (5/15)
 Temple: D:4-7

Altars:
Fedhas
Makhleb
The Shining One

Annotations:
D:3 1 runed translucent door, OTABOTABOTAB's ghost, amateur DECj


Innate Abilities, Weirdness & Mutations

You have extremely sharp teeth.
Your natural rate of healing is unusually fast.
When hurt, damage is shared between your health and your magic reserves.
Your bite disrupts and absorbs the magic of your enemies.
Potions cannot restore your health.


Message History

You hit the gnoll bouda but do no damage.
The gnoll bouda looks as sick as possible!
The gnoll bouda is moderately wounded.
The gnoll bouda barely misses you. The gnoll closely misses you.
You closely miss the gnoll bouda.
You bite the gnoll bouda, but do no damage.
The gnoll bouda is heavily wounded.
The gnoll hits you with a +0 flail. You block the gnoll bouda's attack.
You closely miss the gnoll bouda.
The gnoll bouda is heavily wounded.
The gnoll bouda gazes fiercely through you!
You feel your attacks grow feeble.
The gnoll bouda hits you with a +3 whip.
The gnoll hits you with a +0 flail.
You are too injured to fight recklessly!
Unknown command.
You barely miss the gnoll bouda.
The gnoll bouda is heavily wounded.
The gnoll hits you with a +0 flail. You block the gnoll bouda's attack.
You closely miss the gnoll bouda.
You bite the gnoll bouda, but do no damage.
The gnoll bouda is almost dead.
You block the gnoll's attack.
The gnoll bouda gazes fiercely through you!
You feel as though you will be weak longer.
The gnoll bouda hits you with a +3 whip!
* * * LOW HITPOINT WARNING * * *
The gnoll bouda closely misses you. The gnoll barely misses you.
Okay, then.
You aren't carrying any items that you can evoke.
Unknown command.
Casting: Freeze (safe; 6% risk of failure)
Confirm with . or Enter, or press ? or * to list all spells.
Aiming: Freeze (safe; 6% risk of failure)
Press: ? - help, Shift-Dir - straight line, f - gnoll bouda
Aim: a gnoll bouda, wielding a +3 whip and wearing a +0 robe (almost dead, very poisoned)
You freeze the gnoll bouda.
You kill the gnoll bouda!
The gnoll hits you with a +0 flail!
You die...

###.# #.#.#.#.#.# ....###
#.........# #####. ###...#
###...###.########......
###.########.# #..........#.#..
####..........###.########......
#....########.....####### .#.#..
##.....#.....#........... ......
#.#.#.#.###.##)##########.n....
##.#.#.#.# #.##@# ##..##.#.
##....#.#.###.##g### #...##.##
....###.#.#........# #......##
....# #.#.###.####.# #.#.#...#
....###.#.# #.# #.# #......#.
##...#..#.# ### #.# #.#.#...#
##.......# #.# #.....#..
##.###.## #.# #####.#.# #.#
#.#########.######## ##..#


You could see a gnoll (swift).

Vanquished Creatures
  A gnoll bouda (D:4)
  An adder (D:2)
  2 river rats (D:3)
  3 dart slugs
  4 orcs
  12 ball pythons
  3 bats
  4 endoplasms
  4 giant cockroaches
  4 goblins (D:1)
  6 hobgoblins
  8 jackals
  3 quokkas
  4 frilled lizards (D:1)
  4 kobolds
  7 rats
70 creatures vanquished.

Vanquished Creatures (others)
  A fungus (D:3)
  A plant (D:3)
2 creatures vanquished.

Grand Total: 72 creatures vanquished

Notes
Turn   | Place    | Note
-------+----------+-------------------------------------------
     0 | D:1      | Zonian the Vine Stalker Wanderer began the quest for the
                  | Orb.
     0 | D:1      | Zonian set off with the following items: a +0 dagger, a
                  | scroll of fog, a +0 robe, a +0 pair of gloves; and the
                  | following spells available to memorise: Freeze, Foxfire,
                  | Frozen Ramparts, Ozocubu's Armour, Searing Ray, Inner
                  | Flame.
     0 | D:1      | Reached XP level 1. HP: 9/9 MP: 6/6
    17 | D:1      | Learned a level 1 spell: Freeze
   181 | D:1      | Reached XP level 2. HP: 8/13 MP: 1/8
  1214 | D:1      | Reached XP level 3. HP: 16/16 MP: 7/10
  1495 | D:2      | Learned a level 3 spell: Frozen Ramparts
  2183 | D:2      | Found a blossoming altar of Fedhas.
  2883 | D:3      | Found a glowing golden altar of the Shining One.
  2951 | D:3      | Found a runed translucent door.
  2951 | D:3      | Noticed OTABOTABOTAB's ghost (amateur DECj)
  2957 | D:3      | Gained mutation: Your natural rate of healing is unusually
                  | fast. [Vine Stalker growth]
  2957 | D:3      | Reached XP level 4. HP: 19/21 MP: 8/11
  3323 | D:3      | Reached skill level 5 in Spellcasting
  3780 | D:3      | Found a faded altar of an unknown god.
  3965 | D:4      | Noticed a necrophage
  4067 | D:4      | Found a burning altar of Makhleb.
  4078 | D:4      | Identified the +3 leather armour "Hero's Friend" {rElec rF-
                  | Str+7 Dex-4}
  4249 | D:4      | Noticed a necrophage
  4330 | D:4      | Reached skill level 5 in Stealth
  4534 | D:5      | Entered Level 5 of the Dungeon
  4534 | D:5      | Noticed a necrophage
  4591 | D:4      | Slain by a gnoll

Illustrated notes

Levels and vault maps discovered:
D:1:      lightli_arrival_statue_moat, layout_loops_corners, due_unseen_surprise
D:2:      layout_basic, basic_altar
D:3:      minmay_angry_zag, layout_loops_cross, nicolae_tso_carved_into_rock,
          portal_sewer_entry_e, shapermc_ecumenical_altar_petra,
          gammafunk_ghost_grave
D:4:      layout_loops_ring, overflow_temple_1_default,
          lemuel_mausoleum_altar_kikubaaqudgha, serial_co_window_serial,
          co_window_of_opportunity_a, co_window_of_opportunity_a,
          co_window_cross_1, co_window_paths_a, co_window_paths_b,
          co_window_broadway_a, co_window_broadway_b, co_window_broadway_a,
          co_window_unsneaky_path_e, co_window_2corner, glass_columns_a,
          glass_columns_a, glass_columns_a, glass_columns_b, glass_columns_c
D:5:      layout_rooms, fedhas_bush_and_centaur_altar,
          minmay_temple_entry_mini_moons

Skill      XL: |  1  2  3  4 |
---------------+-------------+-----
Stealth        | 4 5 |  5.0
Ice Magic      | 3 |  3.2
Spellcasting   | 5 |  5.1

Action                   |  1- 3 |  4- 6 || total
-------------------------+-------+-------++-------
Melee: Dagger            |    61 |    88 ||   149
       Bite              |    16 |    27 ||    43
 Cast: Freeze            |    34 |     4 ||    38
  Use: Scroll            |     6 |     2 ||     8
 Stab: Sleeping          |     4 |     5 ||     9
       Distracted        |       |     1 ||     1
Armor: Robe              |    17 |    21 ||    38
Dodge: Dodged            |    49 |    52 ||   101
Block: Buckler           |     9 |    10 ||    19

Table legend: (Time is in decaauts)
 A = Elapsed time spent in this place.
 B = Non-inter-level travel time spent in this place.
 C = Inter-level travel time spent in this place.
 D = Time resting spent in this place.
 E = Time spent auto-exploring this place.
 F = Levels seen in this place.
 G = Mean time per level.
                   A        B        C        D        E       F      G
               +--------+--------+--------+--------+--------+-----+--------+
         Total |   4600 |   4419 |    181 |    424 |   3262 |   5 |  920.0 |
       Dungeon |   4600 |   4419 |    181 |    424 |   3262 |   5 |  920.0 |
               +--------+--------+--------+--------+--------+-----+--------+

Top non-repeatable levels by time:
     D:2: 1416 daAuts
     D:1: 1293 daAuts
     D:3: 1121 daAuts
     D:4: 764 daAuts
     D:5: 3 daAuts
